AoeStats
← Shredded_Pork

Black Forest

506374991Analyzed
4v4 RM · 19d ago on Sep 13, 2026· 49m 38s· 8 players
Game mode
Random Map
Map size
Large (8 player)
Population
200
Speed
Normal
Resources
Standard
Victory
Conquest
Starting age
Dark Age
Ending age
Imperial Age
RankedLock teamsTeams togetherTeam positionsShared explorationLock speedFull tech treeHidden civsTurbo modeCheats
Victory
Defeat
🇨🇳 Persians · China
748
+14
🇯🇵 Portuguese · Japan
733
+15
🇨🇳 Turks · China
727
+15
🇦🇷 Saracens · Argentina
720
+15
🇨🇳 Byzantines · China
729
-16
🇬🇧 Spanish · United Kingdom
714
-15
🇫🇷 Khmer · France
691
-14
🇹🇷 Malay · Türkiye
686
-14
SirCalalot
0:40 Loom
16:52 Feudal Age
17:14 Fishing Lines
18:13 Wheelbarrow
17:26 Double-Bit Axe
22:22 Castle Age
21:20 Horse Collar
23:25 Hand Cart
23:34 Bow Saw
23:55 Town Watch
24:42 Caravan
26:14 Gillnets
30:33 Town Patrol
31:16 Ballistics
32:08 Heavy Plow
32:26 Fortified Wall
32:35 Gold Mining
33:27 Murder Holes
33:59 Stone Mining
34:58 Masonry
38:04 Imperial Age
37:14 Pikeman
37:51 Light Cavalry
38:42 Bloodlines
38:33 Husbandry
39:00 Forging
38:56 Scale Barding Armor
39:53 Hoardings
39:58 Stone Shaft Mining
41:00 Chemistry
39:47 Arrowslits
40:00 Halberdier
41:04 Hussar
fakroun
1:57 Loom
16:29 Feudal Age
18:26 Wheelbarrow
17:36 Town Watch
19:41 Gold Mining
19:34 Horse Collar
19:46 Stone Mining
19:46 Double-Bit Axe
27:11 Castle Age
29:42 Bow Saw
31:52 Heavy Plow
32:45 Stone Shaft Mining
34:22 Gold Shaft Mining
35:19 Tusk Swords
39:08 Hand Cart
38:53 Town Patrol
39:03 Caravan
39:35 Coinage
39:42 Scale Barding Armor
39:38 Scale Mail Armor
39:49 Forging
39:30 Fletching
39:44 Padded Archer Armor
43:50 Chain Barding Armor
43:46 Leather Archer Armor
48:31 Imperial Age
spawn
0:52 Loom
11:25 Feudal Age
12:47 Double-Bit Axe
15:21 Horse Collar
19:15 Wheelbarrow
19:42 Stone Mining
24:32 Castle Age
23:07 Arson
23:25 Town Watch
26:24 Bow Saw
26:45 Heavy Plow
27:29 Gold Mining
28:48 Squires
29:51 Hand Cart
30:00 Town Patrol
31:05 Forging
34:41 Imperial Age
35:21 Crop Rotation
34:32 Elite Karambit Warrior
36:23 Ballistics
35:48 Treadmill Crane
38:13 Iron Casting
38:55 Chemistry
41:40 Forced Levy
45:49 Blast Furnace
46:25 Masonry
伐木王
0:32 Loom
12:21 Feudal Age
14:11 Double-Bit Axe
14:10 Horse Collar
17:58 Gold Mining
19:31 Stone Mining
22:31 Castle Age
26:52 Bow Saw
27:28 Stone Shaft Mining
29:53 Gold Shaft Mining
34:25 Imperial Age
32:25 Treadmill Crane
32:56 Fortified Wall
34:36 Scale Barding Armor
34:42 Forging
36:40 Elite Cataphract
39:07 Two-Man Saw
38:16 Heavy Plow
39:35 Conscription
39:45 Chain Barding Armor
40:03 Iron Casting
43:58 Plate Barding Armor
46:43 Wheelbarrow
joacoc87
12:03 Feudal Age
13:19 Wheelbarrow
12:27 Horse Collar
12:34 Double-Bit Axe
12:58 Town Watch
18:02 Gold Mining
20:50 Castle Age
21:47 Hand Cart
21:34 Heavy Plow
22:20 Forging
22:10 Scale Mail Armor
22:16 Scale Barding Armor
22:12 Padded Archer Armor
22:04 Fletching
22:50 Bow Saw
22:59 Town Watch
24:54 Stone Mining
25:28 Bodkin Arrow
27:06 Gold Shaft Mining
30:34 Town Patrol
32:13 Murder Holes
32:40 Ballistics
36:08 Imperial Age
34:02 Masonry
34:38 Loom
35:13 Caravan
35:57 Iron Casting
37:21 Conscription
36:25 Elite Mameluke
37:36 Bloodlines
37:26 Husbandry
38:31 Chemistry
38:16 Hoardings
39:15 Two-Man Saw
38:37 Bracer
39:38 Blast Furnace
39:26 Squires
39:24 Gambesons
38:59 Pikeman
40:55 Chain Barding Armor
43:41 Counterweights
48:17 Siege Engineers
47:58 Arrowslits
47:54 Treadmill Crane
48:28 Fortified Wall
Lubuntu10.04LTS
1:15 Loom
11:59 Feudal Age
13:59 Double-Bit Axe
16:22 Horse Collar
16:39 Gold Mining
19:00 Wheelbarrow
19:22 Fishing Lines
22:59 Castle Age
23:02 Stone Mining
27:07 Imperial Age
24:23 Treadmill Crane
24:59 Bow Saw
25:35 Heavy Plow
26:37 Fletching
29:03 Chemistry
28:56 Ballistics
28:43 Padded Archer Armor
29:22 Hand Cart
31:37 Leather Archer Armor
31:27 Scale Barding Armor
31:55 Coinage
31:54 Town Watch
33:21 Ring Archer Armor
34:38 Block Printing
34:23 Devotion
34:26 Bodkin Arrow
34:52 Chain Barding Armor
35:32 Scale Mail Armor
35:43 Forging
35:33 Bracer
36:43 Plate Barding Armor
36:58 Crop Rotation
36:23 Gillnets
37:10 Chain Mail Armor
38:30 Banking
38:37 Iron Casting
38:06 Husbandry
38:17 Bloodlines
38:34 Cavalier
38:38 Light Cavalry
39:51 Plate Mail Armor
39:37 Arquebus
39:59 Conscription
41:05 Two-Man Saw
42:21 Blast Furnace
44:11 Elite Organ Gun
47:07 Bombard Tower
46:53 Siege Engineers
47:01 Masonry
Shredded_Pork
10:35 Feudal Age
13:33 Double-Bit Axe
14:45 Horse Collar
20:38 Castle Age
20:21 Stone Mining
20:21 Gold Mining
21:45 Heavy Plow
21:58 Bow Saw
23:21 Stone Shaft Mining
23:21 Gold Shaft Mining
31:34 Imperial Age
29:31 Caravan
30:22 Wheelbarrow
30:06 Padded Archer Armor
29:56 Fletching
30:18 Forging
30:08 Scale Mail Armor
30:13 Scale Barding Armor
30:56 Hand Cart
30:51 Scale Barding Armor
31:25 Kamandaran
31:56 Leather Archer Armor
31:36 Bodkin Arrow
33:58 Two-Man Saw
33:34 Crop Rotation
34:16 Chemistry
33:41 Chain Barding Armor
33:36 Chain Mail Armor
33:17 Bodkin Arrow
33:58 Iron Casting
33:51 Conscription
34:18 Husbandry
34:30 Bloodlines
34:27 Squires
34:51 Crossbowman
36:45 Ring Archer Armor
36:44 Thumb Ring
36:05 Cavalier
39:04 Plate Barding Armor
YellowyGnu8986
0:30 Loom
13:20 Feudal Age
18:04 Castle Age
16:35 Horse Collar
16:44 Double-Bit Axe
18:37 Wheelbarrow
19:46 Bow Saw
23:53 Stone Mining
26:32 Hand Cart
29:09 Fervor
29:20 Sanctity
29:02 Gold Mining
31:19 Gold Shaft Mining
31:27 Heavy Plow
35:55 Imperial Age
34:02 Thumb Ring
34:01 Squires
33:52 Arson
34:35 Ballistics
34:09 Fletching
34:20 Padded Archer Armor
35:19 Forging
35:06 Bodkin Arrow
37:00 Iron Casting
36:42 Leather Archer Armor
37:41 Two-Man Saw
36:46 Bracer
37:10 Conscription
37:16 Caravan
38:39 Blast Furnace
37:59 Artillery
39:49 Ring Archer Armor
39:35 Elite Janissary
42:56 Scale Barding Armor
45:02 Husbandry
45:41 Bloodlines
45:56 Chain Barding Armor
47:44 Plate Barding Armor
Connection lost

Rejoining the realm…

Still unreachable

The connection could not be restored.

Session expired

The server has moved on; the page needs a fresh start.